Map: [ESL] Cosmic Sapphire

Players

ArT

  • Race: Protoss Protoss
  • Spawn Location: 11:00

Harstem - Winner!

  • Race: Protoss Protoss
  • Spawn Location: 5:00

Event: DreamHack SC2 Masters 2022 Atlanta (Online)

VOD

Have the link to the VOD?

Description

Time

  • Played on: Oct. 5, 2022, 1:17 p.m.
  • Length: 8:12

All games in this series

Show
View Real Time Build Order
Export as new Build Order

ArT Protoss 

Build Orders: Oracle Opening 

Get SALT Encoding   

  12  0:00  Probe  
  13  0:12  Probe  
  14  0:18  Pylon  
  14  0:24  Probe (Chrono Boost)  
  15  0:36  Probe (Chrono Boost)  
  15  0:37  Gateway  
  16  0:42  Assimilator  
  16  0:46  Probe (Chrono Boost)  
  17  0:52  Assimilator  
  17  0:54  Probe (Chrono Boost)  
  18  1:06  Probe (Chrono Boost)  
  18  1:08  Gateway  
  19  1:13  Probe (Chrono Boost)  
  20  1:20  Probe  
  20  1:24  Cybernetics Core  
  21  1:32  Probe  
  22  1:36  Pylon  
  22  1:44  Probe  
  23  1:56  Probe  
  23  2:01  Adept x2  
  28  2:09  Stargate  
  28  2:10  Warp Gate  
  28  2:21  Pylon  
  28  2:33  Stalker  
  30  2:40  Probe  
  31  2:49  Oracle (Chrono Boost)  
  31  2:52  Probe  
  35  3:15  Probe  
  35  3:17  Nexus  
  35  3:19  Oracle (Chrono Boost)  
  37  3:30  Pylon  
  37  3:31  Probe  
  38  3:40  Twilight Council  
  38  3:43  Probe  
  39  3:52  Gateway  
  39  3:55  Probe  
  40  4:00  Stalker  
  42  4:08  Probe  
  43  4:13  Stalker  
  43  4:16  Blink (Chrono Boost)  
  45  4:24  Probe (Chrono Boost)  
  46  4:29  Probe (Chrono Boost)  
  47  4:33  Stalker  
  51  4:39  Probe x2 (Chrono Boost)  
  51  4:44  Probe (Chrono Boost), Stalker  
  53  4:47  Probe  
  53  4:52  Pylon  
  55  4:57  Stalker  
  55  4:58  Probe  
  58  5:01  Probe  
  58  5:04  Stalker  
  61  5:12  Stalker  
  60  5:15  Probe  
  60  5:17  Pylon  
  60  5:18  Probe  
  62  5:22  Stalker  
  64  5:28  Stalker  
  66  5:36  Stalker  
  68  5:43  Nexus  
  68  5:45  Stalker  
  70  5:52  Probe x2, Assimilator  
  72  5:59  Stalker, Pylon  
  74  6:05  Stalker  
  74  6:07  Probe x2  
  74  6:13  Stalker  
  76  6:20  Probe  
  76  6:22  Stalker  
  76  6:24  Probe  
  78  6:32  Probe, Forge  
  77  6:33  Gateway  
  77  6:36  Probe  
  78  6:44  Probe  
  78  6:45  Stalker x2  
  76  6:48  Stalker  
  76  6:50  Probe  
  79  6:54  Shield Battery, Robotics Facility  
  79  6:56  Probe x2  
  81  7:01  Pylon  
  81  7:02  Probe  
  81  7:08  Probe  
  83  7:10  Probe  
  83  7:14  Gateway, Stalker  
  86  7:16  Probe  
  86  7:20  Probe, Gateway  
  88  7:24  Assimilator  
  88  7:37  Pylon  
  88  7:39  Gateway  
  92  7:45  Observer (Chrono Boost)  
  92  7:47  Zealot, Gateway  
  91  7:51  Zealot  
  91  7:52  Zealot x2  
  68  8:06  Shield Battery  
Show
View Real Time Build Order
Export as new Build Order

Harstem Protoss - Winner!

Build Orders: Phoenix Opening 

Get SALT Encoding   

  12  0:00  Probe  
  13  0:12  Probe  
  14  0:18  Pylon  
  14  0:24  Probe (Chrono Boost)  
  15  0:36  Probe (Chrono Boost)  
  15  0:37  Gateway  
  16  0:45  Probe (Chrono Boost)  
  16  0:46  Assimilator  
  17  0:51  Probe  
  17  0:54  Assimilator  
  18  1:03  Probe (Chrono Boost)  
  19  1:07  Gateway  
  19  1:12  Probe (Chrono Boost)  
  19  1:17  Probe (Chrono Boost)  
  20  1:24  Cybernetics Core  
  21  1:29  Probe  
  22  1:34  Pylon  
  22  1:41  Probe  
  23  1:53  Probe  
  24  2:01  Stalker  
  24  2:03  Warp Gate (Chrono Boost)  
  28  2:19  Nexus, Sentry  
  28  2:25  Pylon  
  28  2:28  Probe  
  29  2:36  Stalker  
  31  2:43  Shield Battery  
  31  2:47  Probe  
  31  2:49  Sentry  
  34  2:59  Probe  
  34  3:04  Shield Battery  
  35  3:11  Probe  
  36  3:23  Probe  
  36  3:26  Twilight Council  
  37  3:32  Phoenix  
  37  3:35  Probe  
  37  3:36  Probe  
  39  3:47  Probe  
  39  3:48  Probe  
  41  3:49  Stalker  
  41  3:50  Stalker  
  45  3:59  Probe  
  45  4:00  Probe  
  47  4:09  Pylon  
  47  4:10  Blink (Chrono Boost)  
  47  4:11  Probe, Stalker x2  
  47  4:12  Probe  
  53  4:23  Probe  
  54  4:27  Probe  
  54  4:30  Pylon  
  55  4:35  Stalker  
  55  4:36  Stalker  
  55  4:37  Phoenix, Probe  
  59  4:48  Probe  
  59  4:52  Probe  
  61  4:55  Nexus  
  61  4:59  Robotics Facility  
  61  5:00  Probe  
  61  5:04  Stalker  
  64  5:08  Probe  
  64  5:09  Pylon  
  64  5:13  Probe, Assimilator  
  65  5:14  Stalker  
  65  5:20  Probe  
  68  5:23  Pylon  
  68  5:25  Probe  
  69  5:28  Stalker  
  71  5:38  Probe  
  71  5:40  Stalker  
  71  5:41  Probe  
  75  5:43  Pylon  
  75  5:47  Observer (Chrono Boost)  
  75  5:50  Gateway, Probe  
  75  5:52  Gateway  
  75  5:53  Stalker  
  78  6:03  Stalker  
  78  6:08  Probe  
  76  6:11  Immortal (Chrono Boost), Probe  
  80  6:18  Stalker  
  80  6:20  Probe  
  80  6:23  Probe  
  84  6:27  Stalker  
  84  6:32  Observer, Probe  
  85  6:35  Nexus, Probe  
  82  6:44  Probe  
  82  6:45  Warp Prism (Chrono Boost)  
  81  6:47  Probe  
  81  6:50  Sentry x2  
  88  6:56  Probe  
  88  6:57  Dark Shrine  
  90  7:02  Stalker  
  90  7:06  Pylon  
  90  7:08  Stalker  
  93  7:15  Probe  
  94  7:21  Forge  
  94  7:23  Pylon  
  94  7:24  Probe  
  95  7:33  Stalker x2  
  95  7:35  Observer (Chrono Boost)  
  101  7:39  Stalker  
  101  7:41  Stalker  
  101  7:43  Probe  
  99  7:58  Stalker x2  
Tags
 
Add a new tag
Caveats
  • Supply blocks, unpowered buildings, or Contaminate may cause inaccurate times.
  • Supply counts are checked every 10 seconds.